 Dungeon Crawl Stone Soup version 0.29-a0-1065-g47a6bb87d6 (webtiles) character file.

Game seed: 3720046025440796139

61 nickcage the Poker (level 4, 0/35 HPs)
             Began as a Merfolk Abyssal Knight on Aug 18, 2022.
             Was a Priest of Lugonu.
             Slain by Ijyb
             ... wielding a +0 dagger
              (7 damage)
             ... on level 3 of the Dungeon.
             The game lasted 00:03:26 (1768 turns).

nickcage the Poker (Merfolk Abyssal Knight)         Turns: 1768, Time: 00:03:26

Health: 0/35       AC: 11    Str: 15    XL:     4   Next: 7%
Magic:  5/5        EV: 10    Int:  9    God:    Lugonu [***...]
Gold:   96         SH:  0    Dex: 14    Spells: 3/3 levels left

rFire   . . .      SeeInvis .   a - +1 spear
rCold   . . .      Faith    .   (no shield)
rNeg    . . .      Spirit   .   l - +0 scale mail
rPois   .          Reflect  .   (no helmet)
rElec   +          Harm     .   k - +0 cloak
rCorr   .          Rampage  .   n - +1 pair of gloves "Eduykh" {*Corrode Fly rElec}
Will    .....                   g - +1 pair of boots
Stlth   ..........              (no amulet)
HPRegen 0.11/turn               (no ring)
MPRegen 0.09/turn               (no ring)

@: flying
A: (nimble swimmer 2), mertail
a: Renounce Religion, Depart the Abyss, Bend Space, Banish


You were on level 3 of the Dungeon.
You worshipped Lugonu.
Lugonu was most pleased with you.
You visited 1 branch of the dungeon, and saw 3 of its levels.
You visited the Abyss 1 time.

You collected 96 gold pieces.

Inventory:

Hand Weapons
 a - a +1 spear (weapon)
Missiles
 e - 6 javelins (quivered)
 o - 4 poisoned darts
Armour
 b - a +0 leather armour
 g - a +1 pair of boots (worn)
 k - a +0 cloak (worn)
 l - a +0 scale mail (worn)
 n - the +1 pair of gloves "Eduykh" (worn) {*Corrode Fly rElec}
   (You found it on level 2 of the Dungeon)

   rElec:     It insulates you from electricity.
   Fly:       It grants you flight.
   *Corrode:  It may corrode you when you take damage.
Jewellery
 m - a ring of positive energy
Scrolls
 d - 4 scrolls of teleportation {unknown}
 f - a scroll of noise {unknown}
 i - a scroll of magic mapping {unknown}
 j - a scroll of amnesia {unknown}
 u - 2 scrolls of identify {unknown}
Potions
 c - 2 potions of curing {unknown}
 h - a potion of brilliance {unknown}
 p - a potion of attraction {unknown}
 q - a potion of berserk rage
 r - a potion of heal wounds {unknown}
 s - a potion of might {unknown}
 t - a potion of resistance {unknown}


   Skills:
 - Level 3.2 Fighting
 + Level 5.6 Polearms
 - Level 0.6 Armour
 - Level 2.6 Dodging
 - Level 2.0 Invocations


You had 3 spell levels left.
You didn't know any spells.
Your spell library contained the following spells:

 Spells                   Type           Power      Damage    Failure   Level
 Portal Projectile        Hex/Tloc       0%         N/A       99%         3
 Tukima's Dance           Hex            0%         N/A       99%         3
 Blade Hands              Tmut           0%         N/A       100%        5


Dungeon Overview and Level Annotations

Branches:
Dungeon (3/15)

Altars:

Annotations:
D:3 Ijyb


Innate Abilities, Weirdness & Mutations

((You are very nimble when in or above water. (Stealth+, EV+, Speed+++)))
Your lower body shifts to a powerful aquatic tail in water.


Message History

Ijyb is moderately wounded.
Ijyb hits you but does no damage. Ijyb barely misses you.
You hit Ijyb.
Ijyb is moderately wounded.
Ijyb hits you with a +0 dagger.
You miss Ijyb.
Ijyb is moderately wounded.
Ijyb hits you with a +0 dagger.
You hit Ijyb but do no damage.
Ijyb is moderately wounded.
Ijyb hits you with a +0 dagger.
You closely miss Ijyb.
Ijyb is moderately wounded.
Ijyb hits you with a +0 dagger. Ijyb barely misses you.
You hit Ijyb.
Ijyb is moderately wounded.
Ijyb barely misses you.
You miss Ijyb.
Ijyb is moderately wounded.
Ijyb hits you but does no damage.
You barely miss Ijyb.
Ijyb is moderately wounded.
Ijyb hits you but does no damage.
You closely miss Ijyb.
Ijyb is moderately wounded.
Ijyb hits you but does no damage. Ijyb hits you with a +0 dagger.
You hit Ijyb.
Ijyb is heavily wounded.
Ijyb hits you with a +0 dagger!
You hit Ijyb but do no damage.
Ijyb is heavily wounded.
Ijyb hits you but does no damage.
You hit Ijyb.
Ijyb is heavily wounded.
Ijyb hits you with a +0 dagger!
* * * LOW HITPOINT WARNING * * *
You barely miss Ijyb.
Ijyb is heavily wounded.
Ijyb hits you with a +0 dagger!
You die...

... # ......
#.####### ......
##...#...##..>!..
#.........#......
......g.........
.......@......#
...........####
#........<.#
#....#...#...#
...........###
........#...
..........###
..........#
....... .#


You could see Ijyb (berserk).

Vanquished Creatures
  2 adders (D:2)
  3 bats
  3 endoplasms (D:1)
  3 giant cockroaches (D:1)
  6 goblins
  5 hobgoblins
  2 quokkas (D:2)
  2 ball pythons
  4 frilled lizards (D:1)
  6 kobolds
  3 rats
39 creatures vanquished.

Notes
Turn   | Place    | Note
-------+----------+-------------------------------------------
     0 | Abyss:1  | nickcage the Merfolk Abyssal Knight began the quest for the
                  | Orb.
     0 | Abyss:1  | Reached XP level 1. HP: 18/18 MP: 2/2
     1 | D:1      | Escaped the Abyss
    72 | D:1      | Reached skill level 3 in Polearms
   220 | D:1      | Reached XP level 2. HP: 24/24 MP: 3/3
   489 | D:1      | Reached skill level 4 in Polearms
   910 | D:1      | Reached XP level 3. HP: 29/29 MP: 4/4
  1125 | D:2      | Reached *** piety under Lugonu
  1159 | D:2      | Reached skill level 5 in Polearms
  1247 | D:2      | Identified the +1 pair of gloves "Eduykh" {*Corrode Fly
                  | rElec}
  1569 | D:2      | Reached XP level 4. HP: 35/35 MP: 5/5
  1749 | D:3      | Noticed Ijyb
  1768 | D:3      | Slain by Ijyb

Illustrated notes

Levels and vault maps discovered:
D:1:      shiori_shiawase, layout_basic, minmay_pentomino_q2
D:2:      layout_loops_cross
D:3:      layout_rooms, nicolae_ru_the_path_less_chosen, vehumet_crystals,
          elyvilon_altar_3, nicolae_ecumenical_snake_handling, uniq_jessica,
          uniq_natasha, uniq_ijyb

Skill      XL: |  1  2  3 |
---------------+----------+-----
Polearms       | 3 4 5 |  5.6
Fighting       | |  3.2
Armour         | |  0.6
Dodging        | |  2.6
Invocations    | |  2.0

Action                   |  1- 3 |  4- 6 || total
-------------------------+-------+-------++-------
Melee: Spear             |    99 |    18 ||   117
       Punch             |     1 |       ||     1
Armor: Leather armour    |     4 |       ||     4
       Scale mail        |    19 |     5 ||    24
Dodge: Dodged            |    30 |     5 ||    35

Table legend: (Time is in decaauts)
 A = Elapsed time spent in this place.
 B = Non-inter-level travel time spent in this place.
 C = Inter-level travel time spent in this place.
 D = Time resting spent in this place.
 E = Time spent auto-exploring this place.
 F = Levels seen in this place.
 G = Mean time per level.
                   A        B        C        D        E       F      G
               +--------+--------+--------+--------+--------+-----+--------+
         Total |   1754 |   1717 |     37 |      0 |   1420 |   4 |  438.5 |
       Dungeon |   1753 |   1716 |     37 |      0 |   1420 |   3 |  584.3 |
         Abyss |      1 |      1 |      0 |      0 |      0 |   1 |    1.0 |
               +--------+--------+--------+--------+--------+-----+--------+

Top non-repeatable levels by time:
     D:1: 1116 daAuts
     D:2: 621 daAuts
     D:3: 16 daAuts
 Abyss:1: 1 daAuts
